Map: 2000 Atmospheres LE

Players

Shakyor

  • Race: Terran Terran
  • League: Master

Unknown - Winner!

  • Race: Zerg Zerg
  • League: Master

VOD

Have the link to the VOD?

Description

Time

  • Played on: Oct. 17, 2021, 7:20 a.m.
  • Length: 19:18
Show
View Real Time Build Order
Export as new Build Order

Shakyor Terran 

Build Orders: Hellion Opening, Reaper Expand 

Get SALT Encoding   

  12  0:00  SCV  
  13  0:12  SCV  
  14  0:17  Supply Depot  
  14  0:24  SCV  
  15  0:38  SCV  
  15  0:40  Barracks  
  16  0:45  Refinery  
  16  0:50  SCV  
  17  1:02  SCV  
  18  1:14  SCV  
  19  1:26  Orbital Command  
  19  1:27  Reaper  
  20  1:41  Command Center  
  20  1:51  Supply Depot  
  20  1:52  SCV  
  21  1:59  Marine  
  22  2:04  SCV  
  23  2:10  Factory  
  23  2:16  SCV  
  23  2:22  Barracks  
  24  2:28  SCV  
  25  2:30  Barracks Reactor  
  25  2:40  SCV  
  25  2:52  SCV  
  25  2:53  Orbital Command  
  26  3:04  SCV  
  27  3:09  Refinery  
  27  3:11  Hellion x2  
  31  3:13  Barracks Reactor  
  31  3:17  SCV, Barracks Tech Lab  
  31  3:18  SCV  
  33  3:23  Supply Depot  
  33  3:29  SCV  
  33  3:30  SCV  
  33  3:32  Hellion x2  
  39  3:36  Marine  
  39  3:37  Stimpack  
  40  3:43  SCV  
  40  3:44  SCV  
  40  3:46  Supply Depot  
  42  3:49  Marine  
  42  3:50  Marine  
  44  3:55  SCV  
  44  3:56  SCV  
  44  3:58  Hellion x2  
  50  4:08  SCV x2  
  52  4:11  Supply Depot, Marine x3  
  55  4:25  Starport  
  55  4:27  SCV  
  55  4:28  SCV  
  55  4:29  Marine x3  
  60  4:34  Supply Depot  
  60  4:39  SCV  
  60  4:44  SCV  
  62  4:47  Marine x3  
  62  4:51  SCV  
  62  4:52  Command Center  
  66  4:56  SCV  
  66  4:57  Supply Depot  
  67  5:01  Medivac  
  67  5:02  Medivac  
  67  5:03  SCV  
  67  5:04  Marine  
  67  5:05  Marine x2  
  75  5:08  SCV  
  75  5:13  Engineering Bay  
  75  5:14  Engineering Bay  
  76  5:15  SCV  
  76  5:16  Refinery  
  76  5:17  Refinery  
  76  5:20  SCV, Combat Shield  
  78  5:27  SCV  
  78  5:28  Marine x3, Factory Reactor  
  79  5:30  Barracks  
  79  5:32  SCV  
  83  5:37  Medivac  
  83  5:40  SCV  
  86  5:43  Terran Infantry Weapons Level 1  
  86  5:46  Supply Depot x2  
  86  5:47  Terran Infantry Armor Level 1  
  86  5:50  Supply Depot  
  86  6:03  SCV x2, Marine x2  
  90  6:09  Orbital Command  
  87  6:15  SCV x2  
  78  6:22  Marine x3  
  72  6:28  Barracks, Medivac x2  
  72  6:30  Barracks, SCV  
  72  6:31  SCV  
  72  6:32  Factory Reactor  
  69  6:35  Marine x2  
  71  6:40  SCV  
  71  6:42  SCV  
  71  6:45  SCV, Armory  
  74  6:49  Marine  
  74  6:50  Marine  
  74  6:51  Marine  
  74  6:52  Marine  
  74  6:53  Marine  
  80  6:55  SCV  
  80  6:57  SCV  
  80  6:58  Medivac x2  
  86  7:05  Orbital Command  
  86  7:07  Marine x2  
  87  7:15  Barracks Reactor  
  87  7:17  Barracks Tech Lab, Concussive Shells  
  87  7:19  Supply Depot x2  
  87  7:21  Command Center, Supply Depot  
  87  7:22  Widow Mine x2  
  91  7:24  Factory  
  91  7:29  Marine x5  
  95  7:30  Medivac  
  95  7:33  SCV  
  95  7:34  SCV  
  95  7:35  SCV  
  101  7:37  Marine  
  102  7:44  Terran Infantry Weapons Level 2  
  102  7:45  SCV  
  102  7:46  SCV  
  102  7:47  SCV  
  102  7:48  Supply Depot  
  102  7:49  Terran Infantry Armor Level 2  
  105  7:59  SCV x3  
  105  8:02  Marine x5  
  105  8:03  Marine  
  105  8:04  Marauder x2  
  118  8:11  SCV  
  119  8:22  Marine x6  
  119  8:23  Factory Tech Lab  
  119  8:24  SCV  
  119  8:25  Barracks  
  125  8:28  Barracks  
  125  8:30  Barracks  
  125  8:31  SCV x2  
  125  8:33  Refinery  
  120  8:35  Marauder x2  
  120  8:36  SCV  
  125  8:42  Terran Ship Weapons Level 1  
  125  8:43  SCV  
  125  8:45  Marine x2  
  125  8:46  Marine x2  
  125  8:47  Widow Mine x3, Medivac x2  
  140  8:56  Marine x2  
  142  9:03  Marine  
  142  9:08  Widow Mine  
  142  9:09  Widow Mine x2  
  149  9:11  Marine x2  
  149  9:12  Marine, Barracks Reactor  
  149  9:14  Marine x2  
  149  9:15  Marauder x2  
  158  9:21  Drilling Claws, Marine  
  159  9:24  Barracks Tech Lab  
  156  9:32  Barracks Tech Lab  
  152  9:52  Supply Depot x2  
  152  9:54  Supply Depot  
  152  10:02  Terran Infantry Weapons Level 3  
  152  10:03  SCV, Marine x3  
  152  10:04  Widow Mine, SCV x2, Marine x5, Marauder x4  
  159  10:10  Widow Mine x2  
  159  10:14  Medivac x2  
  167  10:16  SCV  
  168  10:21  Marine  
  168  10:25  Marine x7, Marauder  
  168  10:26  Widow Mine, Marine, Marauder  
  183  10:31  Widow Mine  
  171  10:36  Marine  
  171  10:37  Widow Mine  
  171  10:39  Marine  
  171  10:44  Medivac x2  
  171  10:48  Widow Mine, Marine x4  
  171  10:49  Marine x4  
  187  10:50  Marauder  
  187  10:53  Marine  
  181  10:58  Supply Depot x2  
  181  10:59  Planetary Fortress  
  181  11:09  Marine  
  181  11:10  Marine x2, Marauder x2  
  188  11:15  Refinery  
  188  11:16  Refinery, Supply Depot  
  188  11:19  Marine x4  
  176  11:26  Marine, Marauder x2  
  176  11:27  Widow Mine x3, Marine  
  179  11:48  Widow Mine x2  
  172  11:56  Marine, Marauder x4  
  172  11:57  Marine x7  
  188  12:08  Widow Mine, Medivac x2  
  192  12:10  Widow Mine x2  
  192  12:14  Marine  
  187  12:17  Marauder x3  
  159  12:27  Marine x8  
  163  12:35  Terran Infantry Armor Level 3  
  163  12:38  Medivac  
  163  12:41  Command Center  
  163  12:43  Medivac  
  173  12:44  Widow Mine x3, Marine x3  
  173  12:45  Marauder  
  173  12:46  Marine x3, Marauder  
  173  12:47  Marine x4  
  183  13:03  Marine, Marauder  
  183  13:04  Marine, Marauder  
  183  13:05  Widow Mine, Marine  
  191  13:06  Marauder  
  191  13:08  Marauder, Medivac  
  191  13:11  Marine  
  191  13:12  Marine  
  179  13:39  Marine x6, Marauder x4  
  179  13:40  Marine x2  
  151  13:44  Orbital Command  
  138  13:49  Liberator  
  138  13:50  Liberator  
  138  13:54  Widow Mine x2  
  148  13:57  Marine x7  
  148  13:58  Marine  
  148  14:00  Marauder x3  
  148  14:01  Marauder  
  148  14:02  Orbital Command  
  164  14:14  Planetary Fortress  
  164  14:16  Widow Mine x2  
  164  14:17  Widow Mine  
  170  14:21  Marauder  
  172  14:32  Liberator x2  
  172  14:38  Widow Mine  
  180  15:03  Marine, Marauder x2  
  180  15:04  Marauder x2  
  170  15:07  Marine x3  
  170  15:08  Marine x3  
  170  15:09  Widow Mine x2  
  170  15:10  Widow Mine  
  182  15:15  Liberator x2  
  182  15:20  Marine  
  188  15:33  Marine  
  188  15:43  Marine x2  
  188  15:45  Widow Mine  
  188  15:46  Marauder x2  
  158  15:53  Marine x7, Marauder  
  137  15:58  Liberator  
  137  16:00  Medivac  
  137  16:01  Marine  
  137  16:02  Widow Mine x2, Marauder  
  149  16:06  Widow Mine  
  149  16:07  Marauder x2  
  149  16:10  Marine  
  149  16:11  Marine x6  
  157  16:14  Marauder  
  163  16:19  Marine  
  163  16:23  Marauder  
  166  16:28  Marine x5  
  166  16:29  Marine x3  
  166  16:30  Medivac  
  173  16:35  Marauder  
  158  16:44  Marine x2, Marauder  
  158  16:46  Widow Mine x3, Marine x5  
  143  17:07  Widow Mine  
  90  17:34  Barracks x2  
  90  17:36  Barracks x2  
  51  18:14  Factory  
  51  18:16  Barracks  
  51  18:17  Barracks  
  51  18:31  Marine x4  
  55  18:35  SCV  
  56  18:49  Marine x4  
Show
View Real Time Build Order
Export as new Build Order

Unknown Zerg - Winner!

Build Orders: Hatch First, Lurkers 

Get SALT Encoding   

  12  0:00  Drone  
  13  0:12  Overlord  
  13  0:16  Drone  
  14  0:30  Drone x2  
  16  0:48  Hatchery  
  15  0:51  Drone  
  15  0:54  Drone  
  17  0:58  Drone  
  18  1:08  Extractor  
  17  1:13  Spawning Pool  
  17  1:15  Drone  
  17  1:19  Drone  
  18  1:27  Drone  
  19  1:38  Drone  
  20  1:49  Overlord  
  20  2:00  Queen x2  
  20  2:01  Zergling x4  
  26  2:16  Hatchery  
  26  2:21  Drone  
  26  2:25  Metabolic Boost  
  26  2:34  Drone x2  
  27  2:41  Drone  
  27  2:42  Drone x2  
  30  2:52  Pneumatized Carapace  
  30  2:56  Overlord  
  30  3:01  Queen  
  32  3:11  Drone x2  
  32  3:12  Drone  
  35  3:15  Drone  
  35  3:16  Drone x2  
  35  3:17  Drone  
  39  3:21  Drone x2  
  39  3:25  Drone  
  39  3:26  Drone  
  43  3:29  Overlord  
  43  3:36  Queen  
  43  3:41  Queen  
  47  3:46  Queen  
  49  3:58  Evolution Chamber  
  49  4:00  Zergling x4  
  50  4:07  Overlord  
  50  4:08  Drone  
  50  4:09  Drone x6  
  57  4:21  Overlord x2  
  57  4:26  Queen  
  57  4:28  Lair  
  59  4:33  Spore Crawler  
  59  4:34  Spore Crawler  
  57  4:39  Zergling x6  
  57  4:40  Zergling x2  
  57  4:44  Drone  
  57  4:45  Zerg Ground Armor Level 1  
  62  4:46  Drone x4  
  66  4:58  Overlord  
  66  4:59  Drone  
  70  5:00  Drone x7  
  74  5:07  Overlord  
  74  5:12  Drone x3  
  74  5:13  Drone x2  
  79  5:17  Extractor  
  79  5:18  Evolution Chamber, Extractor  
  79  5:20  Baneling Nest  
  75  5:22  Overlord  
  75  5:26  Drone x2  
  75  5:27  Extractor  
  76  5:31  Zergling x16  
  84  5:36  Overseer  
  84  5:50  Drone x2  
  84  5:51  Drone  
  84  5:53  Drone  
  84  5:54  Drone x2  
  84  5:55  Zerg Melee Weapons Level 1  
  90  5:58  Extractor  
  90  6:01  Zergling x18, Extractor  
  94  6:18  Zergling x12  
  83  6:27  Drone x4  
  83  6:30  Centrifugal Hooks  
  86  6:37  Drone  
  86  6:39  Hatchery  
  86  6:40  Hatchery, Drone x4  
  89  6:50  Overlord  
  89  6:59  Overlord  
  89  7:04  Drone  
  89  7:05  Zerg Ground Armor Level 2, Hydralisk Den  
  89  7:21  Drone  
  89  7:22  Drone x10  
  100  7:29  Drone  
  101  7:31  Overlord x2  
  101  7:39  Zergling x10  
  101  7:40  Baneling x9  
  101  7:41  Baneling x3  
  101  7:42  Baneling x3  
  101  7:43  Zergling x2, Baneling  
  107  7:53  Hatchery  
  105  8:07  Zergling x2  
  105  8:08  Zergling x30  
  119  8:18  Overseer  
  118  8:22  Zergling x8  
  118  8:23  Zergling x4  
  123  8:31  Drone x7  
  123  8:32  Extractor  
  123  8:33  Grooved Spines, Extractor  
  126  8:38  Zerg Melee Weapons Level 2, Infestation Pit  
  126  8:40  Queen  
  126  8:41  Drone x2, Overseer  
  129  8:42  Overseer  
  129  8:50  Zergling x8  
  129  8:51  Zergling x6  
  136  9:00  Baneling  
  136  9:01  Baneling x30  
  136  9:02  Zergling x2, Baneling x12  
  137  9:03  Zergling x8  
  141  9:17  Zergling x12  
  142  9:31  Overlord  
  142  9:36  Overlord x2, Hive  
  142  9:37  Lurker Den  
  139  9:44  Muscular Augments  
  139  9:50  Zergling x20  
  134  10:16  Hydralisk x15  
  134  10:18  Hatchery  
  134  10:20  Zerg Missile Weapons Level 1  
  163  10:25  Evolution Chamber  
  163  10:26  Overlord x6  
  145  11:00  Drone  
  145  11:01  Drone x8  
  154  11:04  Seismic Spines  
  154  11:05  Adrenal Glands  
  154  11:07  Zerg Ground Armor Level 3, Zerg Melee Weapons Level 3  
  154  11:10  Lurker x4  
  154  11:11  Lurker  
  159  11:12  Zergling x24  
  171  11:23  Zergling x8  
  171  11:24  Zergling x2  
  144  11:40  Baneling  
  144  11:41  Hydralisk x8, Baneling x10  
  144  11:43  Zergling x2  
  144  11:44  Zergling x10  
  155  11:56  Zergling x2  
  155  11:57  Zergling x18  
  161  12:01  Adaptive Talons  
  161  12:11  Drone x4  
  158  12:22  Hydralisk x3  
  146  12:23  Hydralisk x9  
  146  12:28  Lurker x4  
  175  12:30  Zergling x12  
  175  12:34  Extractor x2  
  178  12:44  Overseer  
  178  12:48  Hatchery  
  178  12:50  Unknown  
  176  12:57  Zergling x14  
  176  12:58  Zergling x16  
  191  13:01  Baneling x19  
  191  13:02  Baneling x10  
  191  13:04  Zergling x18  
  161  13:45  Zergling x20  
  161  13:46  Zergling x22  
  177  14:06  Zerg Missile Weapons Level 2  
  177  14:07  Unknown  
  171  14:12  Baneling x9  
  171  14:13  Baneling  
  171  14:14  Zergling x24  
  183  14:18  Overseer  
  183  14:19  Overseer x2  
  183  14:23  Overseer x3  
  182  14:37  Baneling x5  
  170  15:08  Zergling x36  
  179  15:36  Queen  
  158  15:55  Zergling x8  
  158  15:56  Zergling x28  
  167  16:07  Queen  
  167  16:08  Queen x3  
  173  16:11  Extractor  
  173  16:12  Hatchery, Zergling x6  
  173  16:15  Extractor  
  173  16:17  Queen  
  156  16:58  Zergling x20  
  156  16:59  Zergling x20  
  158  17:18  Baneling  
  158  17:19  Baneling x12  
  141  17:36  Drone x3  
  141  17:37  Drone x13  
  144  17:39  Hatchery  
  144  17:40  Extractor  
  144  17:48  Extractor  
  144  17:50  Extractor  
  144  17:51  Hatchery  
  139  17:56  Hatchery  
  129  18:01  Unknown  
  120  18:11  Hydralisk x13  
  146  18:14  Baneling, Overseer x2  
  146  18:34  Hydralisk  
  146  18:35  Hydralisk x7  
Tags
 
Add a new tag
Caveats
  • Supply blocks, unpowered buildings, or Contaminate may cause inaccurate times.
  • Supply counts are checked every 10 seconds.